 Dungeon Crawl Stone Soup version 0.28.0-43-g3370ac3207 (webtiles) character file.

Game seed: 10794740126082718145

249 Peloso the Covered (level 5, 0/43 (47) HPs)
             Began as a Minotaur Fighter on Mar 24, 2022.
             Slain by a wight
             ... wielding a +0 hand axe
              (8 damage)
             ... on level 4 of the Dungeon.
             The game lasted 00:05:12 (4196 turns).

Peloso the Covered (Minotaur Fighter)               Turns: 4196, Time: 00:05:13

HP:   0/43 (47)     AC: 11    Str: 21    XL:     5   Next: 87%
MP:   4/4           EV:  7    Int:  5    God:
Gold: 75            SH:  5    Dex: 11    Spells: 4/4 levels left

rFire   . . .      SeeInvis .   a - +0 long sword
rCold   . . .      Faith    .   c - +0 buckler
rNeg    . . .      Spirit   .   g - +0 chain mail
rPois   .          Reflect  .   (helmet restricted)
rElec   .          Harm     .   (no cloak)
rCorr   .          Rampage  .   u - +0 pair of gloves
Will    .....                   (no boots)
Stlth   ..........              (no amulet)
HPRegen 0.14/turn               (no ring)
MPRegen 0.09/turn               (no ring)

@: drained
A: horns 2, retaliatory headbutt
a: no special abilities


You were on level 4 of the Dungeon.
You visited 1 branch of the dungeon, and saw 4 of its levels.

You collected 75 gold pieces.

Inventory:

Hand Weapons
 a - a +0 long sword (weapon)
Armour
 b - a +0 scale mail
 c - a +0 buckler (worn)
 g - a +0 chain mail (worn)
 u - a +0 pair of gloves (worn)
Jewellery
 m - a +6 ring of intelligence
Scrolls
 i - a scroll of teleportation
 l - a scroll of brand weapon {unknown}
 n - a scroll of magic mapping {unknown}
 o - a scroll of amnesia {unknown}
 p - a scroll of identify {unknown}
 q - a scroll of fear {unknown}
 r - a scroll of blinking {unknown}
 s - a scroll of enchant armour {unknown}
 t - a scroll of immolation {unknown}
Potions
 d - a potion of might
 e - a potion of heal wounds {unknown}
 f - a potion of resistance {unknown}
 h - a potion of lignification {unknown}
 j - a potion of curing {unknown}
 k - a potion of berserk rage {unknown}
 v - a potion of flight {unknown}


   Skills:
 + Level 4.7 Fighting
 + Level 4.5 Long Blades
 + Level 5.4 Armour
 + Level 0.2 Dodging
 + Level 0.1 Stealth
 + Level 4.6 Shields


You had 4 spell levels left.
You didn't know any spells.
Your spell library was empty.

Dungeon Overview and Level Annotations

Branches:
Dungeon (4/15)
 Temple: D:4-7

Altars:

Shops:
D:2 (


Innate Abilities, Weirdness & Mutations

You have a pair of horns on your head.
You reflexively headbutt those who attack you in melee.


Message History

You feel sick.
You feel sick.
You see here an adder corpse.
You feel sick.
You feel sick.
You feel sick.
You are no longer poisoned.
Key pressed, stopping explore.
HP restored.
Things that are here:
a +0 flail; a stone; a +0 whip You see here a +0 pair of boots.
You now have 60 gold pieces (gained 5).
You now have 70 gold pieces (gained 10).
You now have 75 gold pieces (gained 5).
A wight comes into view.
It is wielding a +3 battleaxe of freezing.
A wight is nearby!
A wight is nearby!
A wight comes into view. It is wielding a +0 hand axe.
Found 3 poisoned darts.
Found 16 gold pieces.
The wight hits you with a +3 battleaxe of freezing.
You feel drained. The wight freezes you.
You completely miss the wight. Your headbutt misses the wight.
The wight hits you with a +3 battleaxe of freezing!
The wight freezes you.
You hit the wight but do no damage. You headbutt the wight!
The wight is heavily damaged.
The wight hits you with a +0 hand axe! The wight barely misses you.
You hit the wight.
The wight is almost destroyed.
The wight hits you but does no damage.
The wight hits you with a +3 battleaxe of freezing!
* * * LOW HITPOINT WARNING * * *
You feel drained.
* * * LOW HITPOINT WARNING * * *
The wight freezes you.
* * * LOW HITPOINT WARNING * * *
The wight hits you with a +0 hand axe!
You die...

.#.. ..##......
....##.........
.............. .
.............
..##...........
....$.......... ..
.......z.........#
#.(...z@..## #..
.$##.##....##....###
#......#.#....#
.##.#.............
#...........###..##
............##....#.
...##..####.........
.......
#............ .
#...## ###.........


You could see 2 wights.

Vanquished Creatures
  A centaur zombie (D:3)
  An orc priest (D:4)
  An orc wizard (D:4)
  7 adders
  An adder skeleton (D:4)
  A worm (D:2)
  10 orcs
  10 endoplasms
  3 giant cockroaches
  6 goblins
  8 hobgoblins
  3 quokkas
  8 ball pythons
  7 bats
  A frilled lizard (D:2)
  11 kobolds
  3 rats
82 creatures vanquished.

Notes
Turn   | Place    | Note
-------+----------+-------------------------------------------
     0 | D:1      | Peloso the Minotaur Fighter began the quest for the Orb.
     0 | D:1      | Reached XP level 1. HP: 19/19 MP: 0/0
   117 | D:1      | Reached XP level 2. HP: 22/27 MP: 1/1
   718 | D:1      | Reached skill level 4 in Armour
   729 | D:1      | Reached XP level 3. HP: 33/33 MP: 2/2
  1371 | D:2      | Found Heschobbe's Weapon Shop.
  1820 | D:2      | Reached XP level 4. HP: 10/39 MP: 3/3
  2349 | D:2      | Found a faded altar of an unknown god.
  2971 | D:3      | Reached XP level 5. HP: 32/47 MP: 4/4
  3518 | D:3      | Reached skill level 5 in Armour
  4196 | D:4      | Slain by a wight

Illustrated notes

Levels and vault maps discovered:
D:1:      dpeg_arrival_rooms_c, layout_basic, st_stairs_14
D:2:      layout_basic, serial_shops, shop, chequers_ecumenical_altar_grove,
          wad_orctagon
D:3:      layout_basic, st_stairs_1, minmay_quadrilaterals
D:4:      layout_cave_pools, serial_shops, shop, uniq_ijyb

Skill      XL: |  1  2  3  4  5 |
---------------+----------------+-----
Shields        | 4 |  4.6
Fighting       | 4 |  4.7
Armour         | 4 5 |  5.4
Long Blades    | 3 4 |  4.5
Dodging        | |  0.2
Stealth        | |  0.1

Action                   |  1- 3 |  4- 6 || total
-------------------------+-------+-------++-------
Melee: Long sword        |   140 |   104 ||   244
       Headbutt          |    11 |    10 ||    21
  Use: Scroll            |       |     1 ||     1
Armor: Chain mail        |    90 |    68 ||   158
Dodge: Dodged            |    55 |    44 ||    99
Block: Buckler           |    35 |    20 ||    55
